 Dungeon Crawl Stone Soup version 0.30.1-1-g62c8e00024 (webtiles) character file.

Game seed: 14440270888977546642

53 Wiggles the Chopper (level 3, -2/33 HPs)
             Began as a Minotaur Berserker on July 14, 2023.
             Was a Follower of Trog.
             Slain by Natasha (6 damage)
             ... on level 2 of the Dungeon.
             The game lasted 00:01:25 (570 turns).

Wiggles the Chopper (Minotaur Berserker)             Turns: 570, Time: 00:01:26

Health: -2/33      AC:  8    Str: 23    XL:     3   Next: 62%
Magic:  2/2        EV:  9    Int:  4    God:    Trog [*.....]
Gold:   75         SH:  0    Dex:  9    Spells: 2/2 levels left

rFire   . . .        a - +0 hand axe
rCold   . . .        (no shield)
rNeg    . . .        e - +0 chain mail
rPois   .            (helmet restricted)
rElec   .            (no cloak)
rCorr   .            (no gloves)
SInv    .            (no boots)
Will    .....        i - amulet of the acrobat Stlth
                     (no ring)
HPRegen 0.25/turn    (no ring)
MPRegen 0.08/turn

%: acrobat
@: slowed, very slow
A: horns 2, retaliatory headbutt
a: Renounce Religion, Berserk


You were on level 2 of the Dungeon.
You worshipped Trog.
Trog was aware of your devotion.
You visited 1 branch of the dungeon, and saw 2 of its levels.

You collected 75 gold pieces.

Inventory:

Hand Weapons
 a - a +0 hand axe (weapon)
Armour
 e - a +0 chain mail (worn)
Jewellery
 i - an amulet of the acrobat (around neck)
Scrolls
 d - a scroll of poison {unknown}
 f - a scroll of noise {unknown}
 l - a scroll of fear {unknown}
Potions
 b - 2 potions of lignification {unknown}
 c - a potion of attraction {unknown}
 g - a potion of haste {unknown}
 h - a potion of heal wounds {unknown}
 j - 2 potions of curing {unknown}
 k - a potion of mutation {unknown}


   Skills:
 - Level 4.0 Fighting
 + Level 5.2 Axes
 - Level 2.6 Armour
 - Level 2.2 Dodging


You had 2 spell levels left.
You didn't know any spells.
Your spell library was empty.

Dungeon Overview and Level Annotations

Branches:
Dungeon (2/15)

Altars:

Shops:
D:1 *=

Annotations:
D:2 Natasha


Innate Abilities, Weirdness & Mutations

You have a pair of horns on your head.
You reflexively headbutt those who attack you in melee.


Message History

The cerulean imp hits you but does no damage.
The cerulean imp hits you from afar with a +0 spear.
Natasha claws you. The cerulean imp barely misses you.
You closely miss Natasha.
Natasha is moderately wounded.
You miss the cerulean imp.
The cerulean imp hits you from afar with a +0 spear.
Natasha claws you but does no damage. The cerulean imp barely misses you.
The cerulean imp hits you but does no damage.
You closely miss Natasha.
Natasha is moderately wounded.
You closely miss the cerulean imp.
Natasha hisses.
Natasha claws you but does no damage.
The cerulean imp hits you but does no damage.
The cerulean imp barely misses you.
Natasha stares at you and mumbles some strange words.
You feel as though you will be slow longer.
The cerulean imp hits you with a +1 spear.
The cerulean imp hits you from afar with a +0 spear.
You hit Natasha but do no damage.
Natasha is moderately wounded.
You hit the cerulean imp. Natasha closely misses you.
The cerulean imp hits you but does no damage.
The cerulean imp hits you from afar with a +0 spear.
* * * LOW HITPOINT WARNING * * *
Natasha claws you.
* * * LOW HITPOINT WARNING * * *
You hit Natasha but do no damage. Your headbutt misses Natasha.
Natasha is moderately wounded.
You closely miss the cerulean imp.
The cerulean imp disappears in a puff of smoke!
The cerulean imp hits you but does no damage.
Natasha claws you.
* * * LOW HITPOINT WARNING * * *
The cerulean imp barely misses you.
You hit Natasha.
Natasha is heavily wounded.
You miss the cerulean imp. Natasha claws you.
You die...

...# ...# ##...# .# .
.... ##.# .###.[# #..#
...§.# #..# #h..#####
#..# #@......######..+#
#†5.........#.....
#..........#......
##.#####..####.#.##..:...
..........# #..###.#....
#####.##.## #.#.##..##..
# #.# #.##.#...... #.#
#.##..#####. ..#
#.##........


You could see Natasha and a cerulean imp (summoned).

Vanquished Creatures
  Natasha (D:2)
  An adder (D:2)
  3 ball pythons
  2 endoplasms (D:1)
  A giant cockroach (D:1)
  A goblin (D:1)
  3 hobgoblins (D:1)
  A quokka (D:2)
  A bat (D:1)
  A frilled lizard (D:1)
  A kobold (D:1)
  5 rats (D:1)
21 creatures vanquished.

Notes
Turn   | Place    | Note
-------+----------+-------------------------------------------
     0 | D:1      | Wiggles the Minotaur Berserker began the quest for the Orb.
     0 | D:1      | Reached XP level 1. HP: 19/19 MP: 0/0
    77 | D:1      | Found Yttug's Jewellery Boutique.
    93 | D:1      | Found Uckoemou's Assorted Antiques.
   161 | D:1      | Reached skill level 4 in Axes
   161 | D:1      | Reached XP level 2. HP: 25/27 MP: 1/1
   489 | D:2      | Noticed Natasha
   494 | D:2      | Killed Natasha
   495 | D:2      | Reached skill level 5 in Axes
   495 | D:2      | Reached XP level 3. HP: 31/33 MP: 2/2
   555 | D:2      | Noticed Natasha
   570 | D:2      | Slain by Natasha

Illustrated notes

Levels and vault maps discovered:
D:1:      minmay_arrival_doors, layout_rooms, serial_shops, shop, shop,
          minmay_heptomino_w4
D:2:      layout_loops_ring, shapermc_ecumenical_altar_pompeii, basic_altar,
          minmay_strange_pillars, minmay_3d_cube, uniq_jessica, uniq_robin,
          uniq_natasha

Skill      XL: |  1  2 |
---------------+-------+-----
Axes           | 4 5 |  5.2
Fighting       | 4 |  4.0
Armour         | |  2.6
Dodging        | |  2.2

Action                     || total
---------------------------++-------
  Melee: Hand axe          ||    55
         Headbutt          ||     5
 Armour: Chain mail        ||    31
  Dodge: Dodged            ||    33
